 Dungeon Crawl Stone Soup version 0.21-a0-531-gacddea6 (webtiles) character file.

187 Exaltedone87 the Chiller (level 5, -2/41 HPs)
             Began as a Draconian Ice Elementalist on Dec 13, 2017.
             Killed from afar by Exaltedone87's ghost (7 damage)
             ... with a puff of frost
             ... on level 3 of the Dungeon.
             The game lasted 00:05:20 (1777 turns).

Exaltedone87 the Chiller (DrIE)                     Turns: 1777, Time: 00:05:20

Health: -2/41      AC:  8    Str: 10    XL:     5   Next: 39%
Magic:  2/10       EV: 12    Int: 16    God:
Gold:   156        SH:  0    Dex: 12    Spells: 7/10 levels left

rFire    . . .     SeeInvis .   f - +2 whip (drain)
rCold    . . .     Gourm    .   (no shield)
rNeg     . . .     Faith    .   (armour unavailable)
rPois    .         Spirit   .   (helmet restricted)
rElec    .         Reflect  .   c - +2 cloak {MR+}
rCorr    .         Harm     .   (no gloves)
MR       +....                  (no boots)
Stlth    ++........             (no amulet)
HPRegen  0.13/turn              (no ring)
MPRegen  0.12/turn              (no ring)

@: slowed, very slow
A: unfitting armour, cold-blooded, AC +5
a: no special abilities


You were on level 3 of the Dungeon.
You were hungry.

You visited 1 branch of the dungeon, and saw 3 of its levels.

You collected 156 gold pieces.

Inventory:

Hand Weapons
 f - a +2 whip of draining (weapon)
Armour
 c - a +2 cloak of magic resistance (worn)
Wands
 l - a wand of enslavement (8)
Scrolls
 m - a scroll of fog
 o - a scroll of amnesia {unknown}
Potions
 e - a potion of berserk rage {unknown}
 g - 2 potions of ambrosia {unknown}
 h - a potion of degeneration {unknown}
 i - a potion of curing {unknown}
 k - a potion of flight
Books
 a - a book of Frost

   Spells                             Type                      Level
   a - Freeze                         Ice                          1
   b - Throw Frost                    Conjuration/Ice              2
   c - Ozocubu's Armour               Charms/Ice                   3
   d - Throw Icicle                   Conjuration/Ice              4
   e - Summon Ice Beast               Ice/Summoning                4
Comestibles
 b - a bread ration
 d - 6 chunks of flesh
 j - a royal jelly


   Skills:
 + Level 2.2 Fighting
 + Level 2.5 Dodging
 + Level 2.6 Stealth
 * Level 3.3 Spellcasting
 - Level 1.0 Conjurations
 + Level 3.6 Ice Magic


You had 7 spell levels left.
You knew the following spells:

 Your Spells              Type           Power        Failure   Level  Hunger
a - Freeze                Ice            ##..         4%          1    None
b - Throw Frost           Conj/Ice       ##....       11%         2    ##.....


Dungeon Overview and Level Annotations

Branches:
Dungeon (3/15)

Altars:
Cheibriados
Hepliaklqana
Ru
Xom
Yredelemnul

Annotations:
D:3 Exaltedone87's ghost, amateur DrIE


Innate Abilities, Weirdness & Mutations

Your plain brown scales are hard. (AC +5)
You cannot fit into any form of body armour.
You are cold-blooded and may be slowed by cold attacks.


Message History

* * * LOW HITPOINT WARNING * * *
You feel as though you will be slow longer.
You closely miss Exaltedone87's ghost.
Your tail-slap misses Exaltedone87's ghost.
Exaltedone87's ghost is moderately damaged.
The rat bites you but does no damage.
Exaltedone87's ghost hits you but does no damage.
The rat barely misses you.
Exaltedone87's ghost closely misses you.
You closely miss Exaltedone87's ghost.
Exaltedone87's ghost is moderately damaged.
The rat closely misses you.
Exaltedone87's ghost closely misses you.
The rat completely misses you.
Exaltedone87's ghost points at you and mumbles some strange words.
The puff of frost hits you!
* * * LOW HITPOINT WARNING * * *
Exaltedone87's ghost casts a spell at you.
The puff of frost hits you!
You die...

.....
#.##..........######
.....###..#..........#
......)..............#
####.......########.##
#.......# #.#
#.......# #.#
#....<..## #........#
#....^.@.##
#.........#
#########W#
#....r.......
#............
#.....>......
#....(..?....
#..!......?..
#............


You could see Exaltedone87's ghost and a rat.

Vanquished Creatures
  Crazy Yiuf (D:2)
  Natasha (thrice) (D:2)
  An adder (D:2)
  A worm (D:2)
  A dart slug (D:1)
  4 leopard geckos
  4 orcs (D:3)
  2 ball pythons
  4 giant cockroaches (D:2)
  6 goblins
  3 hobgoblins
  2 jackals (D:2)
  13 kobolds
  8 bats
  12 rats
65 creatures vanquished.

Vanquished Creatures (others)
  A goblin (D:3)
  A bat (D:3)
2 creatures vanquished.

Grand Total: 67 creatures vanquished

Notes
Turn   | Place    | Note
-------+----------+-------------------------------------------
     0 | D:1      | Exaltedone87 the Draconian Ice Elementalist began the quest for the Orb.
     0 | D:1      | Reached XP level 1. HP: 14/14 MP: 3/3
   106 | D:1      | Reached XP level 2. HP: 5/22 MP: 0/5
   768 | D:1      | Reached skill level 1 in Fighting
   806 | D:1      | Reached XP level 3. HP: 24/28 MP: 6/6
  1113 | D:2      | Found a runed door.
  1117 | D:2      | Noticed Crazy Yiuf
  1123 | D:2      | Killed Crazy Yiuf
  1123 | D:2      | Reached XP level 4. HP: 28/35 MP: 5/8
  1270 | D:2      | Found a snail-covered altar of Cheibriados.
  1275 | D:2      | Noticed Natasha
  1285 | D:2      | Killed Natasha
  1336 | D:2      | Learned a level 2 spell: Throw Frost
  1439 | D:2      | Noticed Natasha
  1440 | D:2      | Found a hazy altar of Hepliaklqana.
  1447 | D:2      | Killed Natasha
  1447 | D:2      | Reached XP level 5. HP: 41/41 MP: 4/9
  1538 | D:2      | Noticed Natasha
  1547 | D:2      | Killed Natasha
  1663 | D:3      | Found a sacrificial altar of Ru.
  1667 | D:3      | Found a basalt altar of Yredelemnul.
  1688 | D:3      | Found a shimmering altar of Xom.
  1763 | D:3      | Noticed Exaltedone87's ghost (amateur DrIE)
  1777 | D:3      | Killed from afar by Exaltedone87's ghost

Vault maps used:
D:1:      sevenhm_arrival_forest_fort_large_2
D:2:      nicolae_overflow_hidden_temple, dk_noncrumbling_4,
          lemuel_statue_altar, uniq_natasha, uniq_crazy_yiuf_cottage
D:3:      elyvilon_altar_4, grunt_temple_overflow_open, first_bread, st_stairs_6

Skill      XL: |  1  2  3  4 |
---------------+-------------+-----
Stealth        | 2 |  2.6
Dodging        | 2 |  2.5
Fighting       | 1 2 |  2.2
Spellcasting   | 3 |  3.3
Conjurations   | |  1.0
Ice Magic      | |  3.6

Action                   |  1- 3 |  4- 6 || total
-------------------------+-------+-------++-------
Melee: Dagger            |    31 |       ||    31
       Whip              |    42 |    73 ||   115
       Tailslap          |     6 |     7 ||    13
 Cast: Freeze            |    12 |     8 ||    20
       Throw Frost       |       |    10 ||    10
  Use: Scroll            |     3 |     4 ||     7
 Stab: Sleeping          |     6 |     1 ||     7
  Eat: Chunk             |     1 |     2 ||     3
Armor: Skin              |    25 |    30 ||    55
Dodge: Dodged            |    57 |    49 ||   106

Table legend:
 A = Spawn XP
 B = Non-spawn XP
 C = Spawn XP percentage of total XP
 D = Spawn monster count
 E = Non-spawn monster count
 F = Spawn count percentage of total count
 G = Total turns spent on level
                    A         B        C        D         E        F      G
               +---------+---------+-------+---------+---------+-------+---------
         Total |       0 |     268 |   0.0 |       0 |      65 |   0.0 |  1777
               +---------+---------+-------+---------+---------+-------+---------
           D:1 |       0 |      43 |   0.0 |       0 |      26 |   0.0 |  1024
           D:2 |       0 |     202 |   0.0 |       0 |      27 |   0.0 |   638
           D:3 |       0 |      23 |   0.0 |       0 |      12 |   0.0 |   115
               +---------+---------+-------+---------+---------+-------+---------
